Demolitions vs Monarchs
(R1)
Created - January 5, 2018 at 19:09
Goals
|
| Demolitions |
1 |
1 |
0 |
2 |
| Monarchs |
1 |
1 |
2 |
4 |
|
Shots
|
| Demolitions |
9 |
6 |
14 |
29 |
| Monarchs |
12 |
12 |
11 |
35 |
|
1st period
1. Demolitions , Jack Skille 9 (Brendon Nash 14, Martins Karsums 24) at 14:21
2. Monarchs , Tyler McNeely 1 (Tom Pyatt 16) at 15:50
Penalties :
Robert Bortuzzo (Vic) for Interference (Minor) at 2:57
2nd period
3. Monarchs , Tobias Rieder 9 (Riley Cote 12, Chris Tierney 12) at 4:56
4. Demolitions , Vince Rocco 1 (Erik Condra 15, Mike Sauer 9) at 16:32
Penalties :
Robert Bortuzzo (Vic) for Interference (Minor) at 5:51, Jack Skille (Vic) for Holding (Minor) at 14:18, Andrew Campbell (Vic) for Charging (Minor) at 17:57
3rd period
5. Monarchs , Teuvo Teravainen 5 (Cam Atkinson 17) at 4:56
6. Monarchs , Chris Tierney 4 (Eric Wellwood 28, Cam Atkinson 18) at 19:41 (Empty Net)
Penalties :
Jordie Benn (MAN) for Holding Stick (Minor) at 11:12, Connor Brown (MAN) for Tripping (Minor) at 14:39
Goalie Stats
Olivier Roy (Vic), 31 saves from 34 shots - (0.912), L, 2-8-2, 59:09 minutes
Niklas Backstrom (MAN), 27 saves from 29 shots - (0.931), W, 13-2-4, 60:00 minutes
Players Stats for Demolitions
Player Name G A P +/- PIM S H SB GA TA FO MP PP MP PK MP
------------------------------------------------------------------------------------
Alex Hutchings 0 0 0 0 0 0 0 0 0 0 0/0 1:13 0:08 0:48
Andrew Campbell 0 0 0 1 2 1 0 0 1 1 0/0 20:24 1:43 2:33
Billy Sweat 0 0 0 0 0 1 1 0 1 0 0/0 13:32 0:00 0:00
Bobby Butler 0 0 0 -2 0 1 0 0 0 0 1/1 21:04 2:07 4:50
Brendon Nash 0 1 1 -2 0 4 1 1 0 0 0/0 26:59 2:15 4:16
Erik Condra 0 1 1 1 0 4 2 1 1 0 2/3 18:02 1:46 2:18
Frazer Mclaren 0 0 0 1 0 1 0 2 1 0 0/0 15:41 1:46 0:00
Jack Skille 1 0 1 0 2 5 2 1 2 0 0/1 15:38 0:05 1:50
Josh Beaulieu 0 0 0 0 0 0 0 0 0 0 0/0 1:46 0:14 0:00
Martins Karsums 0 1 1 -3 0 3 2 0 2 0 3/8 25:26 1:58 4:35
Mike Sauer 0 1 1 1 0 0 1 0 2 1 0/0 21:29 1:43 3:40
Mitchell Moroz 0 0 0 0 0 0 0 0 0 0 0/0 1:42 0:00 1:31
Nick Pryor 0 0 0 -1 0 0 0 0 0 0 0/0 2:18 0:00 0:00
Nicolas Blanchard 0 0 0 -2 0 1 1 0 0 1 12/22 16:06 2:04 0:00
Robert Bortuzzo 0 0 0 -2 4 1 0 0 0 0 0/0 12:34 0:00 0:00
Ryan Olsen 0 0 0 0 0 1 2 1 0 1 4/9 13:32 0:00 0:00
Ryan Russell 0 0 0 -1 0 2 0 0 0 0 0/0 6:12 0:00 0:00
Seth Helgeson 0 0 0 0 0 1 0 2 0 0 0/0 23:50 2:15 4:16
Taylor Aronson 0 0 0 -1 0 0 0 0 0 0 0/0 12:39 0:00 1:07
Taylor Leier 0 0 0 0 0 0 0 0 0 0 0/0 0:00 0:00 0:00
Thomas DiPauli 0 0 0 -1 0 0 0 0 0 1 0/4 6:12 0:00 0:00
Vince Rocco 1 0 1 1 0 3 0 0 0 0 5/11 15:41 1:46 0:00
Players Stats for Monarchs
Player Name G A P +/- PIM S H SB GA TA FO MP PP MP PK MP
------------------------------------------------------------------------------------
Alec Martinez 0 0 0 1 0 0 3 0 0 1 0/0 22:33 4:13 1:27
Bryan Rust 0 0 0 1 0 1 0 0 0 1 0/0 8:28 0:09 2:04
Cam Atkinson 0 2 2 2 0 6 2 0 1 0 0/1 21:13 4:13 0:50
Chris Tierney 1 1 2 1 0 1 2 1 0 0 5/11 15:03 3:21 0:31
Connor Brown 0 0 0 -1 2 4 0 0 1 2 0/0 20:20 4:35 0:00
Eric Wellwood 0 1 1 1 0 0 1 1 0 0 0/0 17:29 0:00 1:22
Greg Pateryn 0 0 0 0 0 1 0 0 0 0 0/0 6:50 0:00 1:14
Jordie Benn 0 0 0 1 2 0 1 3 1 1 0/0 18:16 0:00 1:15
Ludwig Bystrom 0 0 0 0 0 0 0 1 0 0 0/0 5:36 0:00 0:00
Matt Tennyson 0 0 0 1 0 0 2 1 0 0 0/0 19:01 0:00 2:31
Morgan Rielly 0 0 0 0 0 1 0 0 0 0 0/0 12:18 3:43 0:00
Rickard Rakell 0 0 0 1 0 1 3 0 0 0 12/19 18:52 3:21 0:34
Riley Cote 0 1 1 0 0 1 1 4 0 0 2/4 13:24 0:00 2:16
Roman Josi 0 0 0 1 0 1 3 0 0 2 0/0 17:04 0:00 0:02
T.J Brodie 0 0 0 0 0 2 0 0 0 0 0/0 13:48 3:43 1:27
Teuvo Teravainen 1 0 1 0 0 6 1 0 0 1 1/1 20:21 4:26 0:19
Tobias Rieder 1 0 1 0 0 1 1 0 0 1 0/0 13:38 3:21 0:00
Tom Pyatt 0 1 1 1 0 0 1 0 0 0 0/0 6:04 0:00 0:00
Tyler McNeely 1 0 1 1 0 2 0 0 0 0 0/0 6:04 0:00 0:00
Tyler Toffoli 0 0 0 -1 0 7 1 0 2 1 12/23 19:38 4:35 0:00
3 Stars
1 - Chris Tierney (MAN)
2 - Cam Atkinson (MAN)
3 - Tyler McNeely (MAN)
Power Play
Demolitions - 0 on 2 Attempt(s) - 0.00%
Monarchs - 0 on 4 Attempt(s) - 0.00%
Penalty Kill
Demolitions - 4 on 4 Attempt(s) - 100.00%
- Score 0 goal in Penalty Kill
Monarchs - 2 on 2 Attempt(s) - 100.00%
- Score 0 goal in Penalty Kill
Team Stat
Demolitions - Hits : 12 - Faceoff Wins : 27 - Blocked Shots : 8 - Penalty Minutes : 8
Monarchs - Hits : 22 - Faceoff Wins : 32 - Blocked Shots : 11 - Penalty Minutes : 4
Official
Referees : Furlatt Eric and VanMassenhoven Don
Linesman : Mark Shewchyk and Dan Schachte
Game Notes
16:43 of 1st period - Monarchs goal is going for a video replay. After video review, No Goal. The puck has been kicked using a distinct kicking motion.
Chris Tierney has scored in a empty net!
Finance
Level 1 -- Attendance: 1537 (76.85%) -- Ticket Income $61,480
Level 2 -- Attendance: 670 (67.00%) -- Ticket Income $13,400
Total Attendance: 2207 (73.57%)
Total Ticket Income: $74,880
Other Income: $3,744
Total Income: $78,624
Demolitions
5 vs 5 Forward
Center Left Wing Right Wing Time % Phy DF OF
1 Nicolas Blanchard Bobby Butler Martins Karsums 40 1 2 2
2 Vince Rocco Frazer Mclaren Erik Condra 30 1 2 2
3 Ryan Olsen Billy Sweat Jack Skille 20 1 2 2
4 Thomas DiPauli Ryan Russell Martins Karsums 10 1 2 2
5 vs 5 Defense
Defense Defense Time % Phy DF OF
1 Brendon Nash Seth Helgeson 40 1 2 2
2 Mike Sauer Andrew Campbell 30 1 2 2
3 Robert Bortuzzo Taylor Aronson 20 1 2 2
4 Nick Pryor Brendon Nash 10 1 2 2
PowerPlay Forward
Center Left Wing Right Wing Time % Phy DF OF
1 Nicolas Blanchard Bobby Butler Martins Karsums 60 1 2 2
2 Vince Rocco Frazer Mclaren Erik Condra 40 1 2 2
PowerPlay Defense
Defense Defense Time % Phy DF OF
1 Brendon Nash Seth Helgeson 60 1 2 2
2 Mike Sauer Andrew Campbell 40 1 2 2
Penalty Kill 4 Players Forward
Center Wing Time % Phy DF OF
1 Martins Karsums Bobby Butler 60 1 2 2
2 Erik Condra Jack Skille 40 1 2 2
Penalty Kill 4 Players Defense
Defense Defense Time % Phy DF OF
1 Brendon Nash Seth Helgeson 60 1 2 2
2 Mike Sauer Andrew Campbell 40 1 2 2
Penalty Kill - 3 Players Forward
Forward Time % Phy DF OF
1 Martins Karsums 60 1 2 2
2 Bobby Butler 40 1 2 2
Penalty Kill - 3 Players Defense
Defense Defense Time % Phy DF OF
1 Brendon Nash Seth Helgeson 60 1 2 2
2 Mike Sauer Andrew Campbell 40 1 2 2
4 vs 4 Forward
Center Wing Time % Phy DF OF
1 Martins Karsums Bobby Butler 60 1 2 2
2 Erik Condra Jack Skille 40 1 2 2
4 vs 4 Defense
Defense Defense Time % Phy DF OF
1 Brendon Nash Seth Helgeson 60 1 2 2
2 Mike Sauer Andrew Campbell 40 1 2 2
Last Minutes Offensive
Center Left Wing Right Wing Defense Defense
Nicolas Blanchard Bobby Butler Martins Karsums Brendon Nash Seth Helgeson
Last Minutes Defensive
Center Left Wing Right Wing Defense Defense
Nicolas Blanchard Bobby Butler Martins Karsums Brendon Nash Seth Helgeson
Goaltenders
Starting : Olivier Roy
Backup : Joe Cannata
Extra Forwards
Normal : Josh Beaulieu, Alex Hutchings, Mitchell Moroz - PP : Josh Beaulieu, Alex Hutchings - PK : Mitchell Moroz
Extra Defensemen
Normal : Robert Bortuzzo, Taylor Aronson, Nick Pryor - PP : Robert Bortuzzo - PK : Taylor Aronson, Nick Pryor
Penalty Shots
Martins Karsums, Bobby Butler, Erik Condra, Jack Skille, Frazer Mclaren
Scratches
Corban Knight (Broken Bone (Left Leg) Injury), Darren Helm (Broken Bone (Right Ankle) Injury), Ryan Bayda (Fractured Bone in Left Hand Injury), Brandon McMillan (Lower Body Injury), Jake Paterson (Healthy)
Jussi Rynnas (Healthy)
Monarchs
5 vs 5 Forward
Center Left Wing Right Wing Time % Phy DF OF
1 Tyler Toffoli Eric Wellwood Connor Brown 35 1 1 3
2 Rickard Rakell Teuvo Teravainen Cam Atkinson 35 1 1 3
3 Chris Tierney Riley Cote Tobias Rieder 25 1 2 2
4 Tom Pyatt Tyler McNeely Bryan Rust 5 1 2 2
5 vs 5 Defense
Defense Defense Time % Phy DF OF
1 Alec Martinez Matt Tennyson 35 1 3 1
2 Roman Josi Jordie Benn 35 1 3 1
3 Morgan Rielly T.J Brodie 20 0 4 1
4 Ludwig Bystrom Greg Pateryn 10 1 2 2
PowerPlay Forward
Center Left Wing Right Wing Time % Phy DF OF
1 Tyler Toffoli Teuvo Teravainen Connor Brown 60 0 1 4
2 Chris Tierney Rickard Rakell Tobias Rieder 40 0 1 4
PowerPlay Defense
Defense Defense Time % Phy DF OF
1 Alec Martinez Cam Atkinson 60 0 2 3
2 Morgan Rielly T.J Brodie 40 0 2 3
Penalty Kill 4 Players Forward
Center Wing Time % Phy DF OF
1 Riley Cote Bryan Rust 60 0 4 1
2 Eric Wellwood Chris Tierney 40 0 4 1
Penalty Kill 4 Players Defense
Defense Defense Time % Phy DF OF
1 Jordie Benn Matt Tennyson 60 1 4 0
2 T.J Brodie Alec Martinez 40 1 4 0
Penalty Kill - 3 Players Forward
Forward Time % Phy DF OF
1 Riley Cote 60 1 2 2
2 Bryan Rust 40 1 2 2
Penalty Kill - 3 Players Defense
Defense Defense Time % Phy DF OF
1 Matt Tennyson Jordie Benn 60 1 2 2
2 T.J Brodie Alec Martinez 40 1 2 2
4 vs 4 Forward
Center Wing Time % Phy DF OF
1 Tyler Toffoli Eric Wellwood 60 1 2 2
2 Connor Brown Cam Atkinson 40 1 2 2
4 vs 4 Defense
Defense Defense Time % Phy DF OF
1 Alec Martinez Matt Tennyson 60 1 2 2
2 T.J Brodie Roman Josi 40 1 2 2
Last Minutes Offensive
Center Left Wing Right Wing Defense Defense
Tyler Toffoli Teuvo Teravainen Connor Brown Matt Tennyson Morgan Rielly
Last Minutes Defensive
Center Left Wing Right Wing Defense Defense
Chris Tierney Riley Cote Cam Atkinson Alec Martinez Matt Tennyson
Goaltenders
Starting : Niklas Backstrom
Backup : Malcolm Subban
Extra Forwards
Normal : Riley Cote, Teuvo Teravainen, Connor Brown - PP : Bryan Rust, Riley Cote - PK : Cam Atkinson
Extra Defensemen
Normal : Alec Martinez, Morgan Rielly, Matt Tennyson - PP : Matt Tennyson - PK : Greg Pateryn, Roman Josi
Penalty Shots
Teuvo Teravainen, Riley Cote, Cam Atkinson, Tyler Toffoli, Tyler McNeely
Scratches
Christophe Lalancette (Healthy), Hampus Lindholm (Bruised Left Shoulder Injury), Dalton Smith (Healthy), Derek Forbort (Healthy), Jamie McGinn (Healthy)
Ty Wishart (Healthy), Igor Makarov (Healthy), Ryan White (Healthy), Trevor Lewis (Healthy), Anthony Peluso (Healthy)
Jake Muzzin (Healthy), Jeff Frazee (Healthy)
% Time on Ice - Demolitions
Lines # - Real PCT - Wanted PCT - Time Play
Normal Forward
1 - 29% - 40% - 13:33
2 - 30% - 30% - 13:58
3 - 29% - 20% - 13:32
4 - 13% - 10% - 6:12
Normal Defense
1 - 37% - 40% - 17:19
2 - 34% - 30% - 16:06
3 - 24% - 20% - 11:32
4 - 5% - 10% - 2:18
PP Forward
1 - 55% - 60% - 2:12
2 - 45% - 40% - 1:46
PP Defense
1 - 57% - 60% - 2:15
2 - 43% - 40% - 1:43
PK Forward
1 - 71% - 60% - 5:38
2 - 29% - 40% - 2:18
PK Defense
1 - 54% - 60% - 4:16
2 - 46% - 40% - 3:40
PK3 Forward
1 - 0% - 60%
2 - 0% - 40%
PK3 Defense
1 - 0% - 60%
2 - 0% - 40%
44 Forward
1 - 0% - 60%
2 - 0% - 40%
44 Defense
1 - 0% - 60%
2 - 0% - 40%
Last Minute Offensive - 0:51
Last Minute Defensive - 0:00
Total
Forward - 60:00
Defense - 60:00
|
% Time on Ice - Monarchs
Lines # - Real PCT - Wanted PCT - Time Play
Normal Forward
1 - 34% - 35% - 15:56
2 - 32% - 35% - 15:05
3 - 21% - 25% - 10:07
4 - 13% - 5% - 6:04
Normal Defense
1 - 34% - 35% - 16:00
2 - 36% - 35% - 17:07
3 - 18% - 20% - 8:29
4 - 12% - 10% - 5:36
PP Forward
1 - 58% - 60% - 4:35
2 - 42% - 40% - 3:21
PP Defense
1 - 53% - 60% - 4:13
2 - 47% - 40% - 3:43
PK Forward
1 - 87% - 60% - 3:27
2 - 13% - 40% - 0:31
PK Defense
1 - 63% - 60% - 2:31
2 - 37% - 40% - 1:27
PK3 Forward
1 - 0% - 60%
2 - 0% - 40%
PK3 Defense
1 - 0% - 60%
2 - 0% - 40%
44 Forward
1 - 0% - 60%
2 - 0% - 40%
44 Defense
1 - 0% - 60%
2 - 0% - 40%
Last Minute Offensive - 0:00
Last Minute Defensive - 0:54
Total
Forward - 60:00
Defense - 60:00
|
Play by Play
1st period
0:01 of 1st period - Nicolas Blanchard wins face-off versus Tyler Toffoli in neutral zone.
0:11 of 1st period - Snap shot by Tyler Toffoli.
0:11 of 1st period - Shot Misses the Net.
0:25 of 1st period - Seth Helgeson is hit by Rickard Rakell and loses puck.
0:54 of 1st period - Billy Sweat is hit by Tobias Rieder.
1:49 of 1st period - Backhand shot by Cam Atkinson.
1:49 of 1st period - Stopped by Olivier Roy without a rebound.
1:50 of 1st period - Ryan Olsen wins face-off versus Cam Atkinson in Demolitions zone.
2:57 of 1st period - Minor Penalty to Robert Bortuzzo for Interference.
2:58 of 1st period - Tyler Toffoli wins face-off versus Martins Karsums in Demolitions zone.
3:33 of 1st period - Snap shot by Rickard Rakell.
3:33 of 1st period - Shot Misses the Net.
4:57 of 1st period - Penalty to Robert Bortuzzo is over, Robert Bortuzzo is back on ice.
5:02 of 1st period - Brendon Nash is hit by Jordie Benn and loses puck.
6:30 of 1st period - Wrist shot by Ryan Russell.
6:30 of 1st period - Stopped by Niklas Backstrom without a rebound.
6:31 of 1st period - Chris Tierney wins face-off versus Vince Rocco in Monarchs zone.
7:12 of 1st period - Jordie Benn is hit by Ryan Olsen and loses puck.
7:16 of 1st period - Icing by Jordie Benn.
7:17 of 1st period - Tyler Toffoli wins face-off versus Ryan Olsen in Monarchs zone.
7:28 of 1st period - Snap shot by Jack Skille.
7:28 of 1st period - Stopped by Niklas Backstrom without a rebound.
7:29 of 1st period - Teuvo Teravainen wins face-off versus Nicolas Blanchard in Monarchs zone.
7:47 of 1st period - Andrew Campbell is hit by Cam Atkinson and loses puck.
8:22 of 1st period - Snap shot by Tyler Toffoli.
8:22 of 1st period - Stopped by Olivier Roy with a rebound.
8:24 of 1st period - Snap shot by Tyler Toffoli.
8:24 of 1st period - Stopped by Olivier Roy with a rebound.
8:26 of 1st period - Wrist shot by Tyler Toffoli.
8:26 of 1st period - Stopped by Olivier Roy with a rebound.
8:28 of 1st period - Wrist shot by Tyler Toffoli.
8:28 of 1st period - Stopped by Olivier Roy with a rebound.
8:30 of 1st period - Wrist shot by Eric Wellwood.
8:30 of 1st period - Shot Misses the Net.
9:03 of 1st period - Snap shot by Jack Skille.
9:03 of 1st period - Shot Blocked by Jordie Benn.
9:58 of 1st period - Seth Helgeson is hit by Tom Pyatt and loses puck.
10:35 of 1st period - Josh Beaulieu is hit by Matt Tennyson and loses puck.
11:10 of 1st period - Tyler McNeely is hit by Erik Condra and loses puck.
12:00 of 1st period - Wrist shot by Cam Atkinson.
12:00 of 1st period - Stopped by Olivier Roy without a rebound.
12:01 of 1st period - Tyler Toffoli wins face-off versus Jack Skille in Demolitions zone.
12:02 of 1st period - Wrist shot by Connor Brown.
12:02 of 1st period - Shot Hit the Post.
12:26 of 1st period - Bobby Butler is hit by Alec Martinez and loses puck.
13:24 of 1st period - Snap shot by Martins Karsums.
13:24 of 1st period - Shot Misses the Net.
13:26 of 1st period - Slapshot by Robert Bortuzzo.
13:26 of 1st period - Stopped by Niklas Backstrom without a rebound.
13:27 of 1st period - Vince Rocco wins face-off versus Tyler Toffoli in Monarchs zone.
13:30 of 1st period - Wrist shot by Erik Condra.
13:30 of 1st period - Stopped by Niklas Backstrom with a rebound.
13:32 of 1st period - Wrist shot by Erik Condra.
13:32 of 1st period - Stopped by Niklas Backstrom with a rebound.
13:34 of 1st period - Snap shot by Frazer Mclaren.
13:34 of 1st period - Shot Misses the Net.
13:36 of 1st period - Wrist shot by Erik Condra.
13:36 of 1st period - Shot Misses the Net.
13:42 of 1st period - Wrist shot by Brendon Nash.
13:42 of 1st period - Stopped by Niklas Backstrom with a rebound.
13:52 of 1st period - Martins Karsums is hit by Rickard Rakell and loses puck.
14:21 of 1st period - Snap shot by Jack Skille.
14:21 of 1st period - Goal by Jack Skille - Demolitions : 1 - Monarchs : 0.
14:22 of 1st period - Tyler Toffoli wins face-off versus Nicolas Blanchard in neutral zone.
14:49 of 1st period - Mike Sauer is hit by Teuvo Teravainen and loses puck.
15:50 of 1st period - Snap shot by Tyler McNeely.
15:50 of 1st period - Goal by Tyler McNeely - Demolitions : 1 - Monarchs : 1.
15:51 of 1st period - Nicolas Blanchard wins face-off versus Rickard Rakell in neutral zone.
16:00 of 1st period - Snap shot by Martins Karsums.
16:00 of 1st period - Stopped by Niklas Backstrom with a rebound.
16:02 of 1st period - Snap shot by Martins Karsums.
16:02 of 1st period - Shot Misses the Net.
16:04 of 1st period - Wrist shot by Nicolas Blanchard.
16:04 of 1st period - Shot Misses the Net.
16:39 of 1st period - Wrist shot by Tobias Rieder.
16:39 of 1st period - Shot Misses the Net.
16:41 of 1st period - Snap shot by Riley Cote.
16:41 of 1st period - Shot Misses the Net.
16:43 of 1st period - Wrist shot by Riley Cote.
16:43 of 1st period - Monarchs goal is going for a video replay.
16:43 of 1st period - The goal is refused. The puck has been kicked using a distinct kicking motion..
16:44 of 1st period - Nicolas Blanchard wins face-off versus Rickard Rakell in Demolitions zone.
16:44 of 1st period - Nicolas Blanchard is hit by Cam Atkinson.
16:50 of 1st period - Snap shot by Rickard Rakell.
16:50 of 1st period - Stopped by Olivier Roy with a rebound.
16:56 of 1st period - Snap shot by Cam Atkinson.
16:56 of 1st period - Stopped by Olivier Roy with a rebound.
17:10 of 1st period - Matt Tennyson is hit by Billy Sweat.
17:20 of 1st period - Slapshot by Brendon Nash.
17:20 of 1st period - Stopped by Niklas Backstrom without a rebound.
17:21 of 1st period - Tyler Toffoli wins face-off versus Nicolas Blanchard in Monarchs zone.
18:03 of 1st period - Snap shot by Tyler Toffoli.
18:03 of 1st period - Shot Misses the Net.
18:05 of 1st period - Slapshot by Roman Josi.
18:05 of 1st period - Stopped by Olivier Roy with a rebound.
18:15 of 1st period - Snap shot by Jack Skille.
18:15 of 1st period - Shot Misses the Net.
18:47 of 1st period - Slapshot by Tyler Toffoli.
18:47 of 1st period - Shot Misses the Net.
18:49 of 1st period - Snap shot by Eric Wellwood.
18:49 of 1st period - Shot Blocked by Ryan Olsen.
19:17 of 1st period - Snap shot by Connor Brown.
19:17 of 1st period - Deflect By Tyler Toffoli.
19:17 of 1st period - Shot Misses the Net.
19:17 of 1st period - Puck is out of play.
19:18 of 1st period - Rickard Rakell wins face-off versus Nicolas Blanchard in Demolitions zone.
19:19 of 1st period - Wrist shot by Cam Atkinson.
19:19 of 1st period - Stopped by Olivier Roy with a rebound.
Goals for this period are 1 for Demolitions vs 1 for Monarchs .
Shots for this period are 9 for Demolitions vs 12 for Monarchs .
2nd period
0:01 of 2nd period - Nicolas Blanchard wins face-off versus Chris Tierney in neutral zone.
0:26 of 2nd period - Martins Karsums is hit by Roman Josi and loses puck.
0:58 of 2nd period - Wrist shot by Connor Brown.
0:58 of 2nd period - Stopped by Olivier Roy without a rebound.
0:59 of 2nd period - Vince Rocco wins face-off versus Chris Tierney in Demolitions zone.
1:08 of 2nd period - Slapshot by Erik Condra.
1:08 of 2nd period - Shot Blocked by Riley Cote.
1:10 of 2nd period - Snap shot by Frazer Mclaren.
1:10 of 2nd period - Shot Blocked by Chris Tierney.
1:12 of 2nd period - Slapshot by Erik Condra.
1:12 of 2nd period - Shot Blocked by Jordie Benn.
1:14 of 2nd period - Snap shot by Erik Condra.
1:14 of 2nd period - Stopped by Niklas Backstrom with a rebound.
1:30 of 2nd period - Off-side.
1:31 of 2nd period - Rickard Rakell wins face-off versus Vince Rocco in neutral zone.
1:44 of 2nd period - Snap shot by Cam Atkinson.
1:44 of 2nd period - Stopped by Olivier Roy with a rebound.
2:36 of 2nd period - Snap shot by Erik Condra.
2:36 of 2nd period - Stopped by Niklas Backstrom without a rebound.
2:37 of 2nd period - Vince Rocco wins face-off versus Tyler Toffoli in Monarchs zone.
3:17 of 2nd period - Mike Sauer is hit by Chris Tierney and loses puck.
4:25 of 2nd period - Icing by Ryan Russell.
4:26 of 2nd period - Rickard Rakell wins face-off versus Ryan Olsen in Demolitions zone.
4:27 of 2nd period - Snap shot by Cam Atkinson.
4:27 of 2nd period - Stopped by Olivier Roy without a rebound.
4:28 of 2nd period - Ryan Olsen wins face-off versus Rickard Rakell in Demolitions zone.
4:50 of 2nd period - Icing by Billy Sweat.
4:51 of 2nd period - Chris Tierney wins face-off versus Ryan Olsen in Demolitions zone.
4:56 of 2nd period - Wrist shot by Tobias Rieder.
4:56 of 2nd period - Goal by Tobias Rieder - Demolitions : 1 - Monarchs : 2.
4:57 of 2nd period - Nicolas Blanchard wins face-off versus Chris Tierney in neutral zone.
5:51 of 2nd period - Minor Penalty to Robert Bortuzzo for Interference.
5:52 of 2nd period - Martins Karsums wins face-off versus Tyler Toffoli in Demolitions zone.
7:51 of 2nd period - Penalty to Robert Bortuzzo is over, Robert Bortuzzo is back on ice.
8:04 of 2nd period - Snap shot by Frazer Mclaren.
8:04 of 2nd period - Shot Misses the Net.
8:15 of 2nd period - Icing by Frazer Mclaren.
8:16 of 2nd period - Ryan Olsen wins face-off versus Chris Tierney in Demolitions zone.
8:16 of 2nd period - Ryan Olsen is hit by Riley Cote.
8:24 of 2nd period - Jordie Benn is hit by Jack Skille and loses puck.
8:57 of 2nd period - Wrist shot by Tom Pyatt.
8:57 of 2nd period - Shot Misses the Net.
8:59 of 2nd period - Snap shot by Tom Pyatt.
8:59 of 2nd period - Shot Blocked by Brendon Nash.
9:01 of 2nd period - Snap shot by Bryan Rust.
9:01 of 2nd period - Stopped by Olivier Roy with a rebound.
9:43 of 2nd period - Greg Pateryn is hit by Mike Sauer and loses puck.
14:03 of 2nd period - Slapshot by Brendon Nash.
14:03 of 2nd period - Shot Misses the Net.
14:18 of 2nd period - Minor Penalty to Jack Skille for Holding.
14:19 of 2nd period - Tyler Toffoli wins face-off versus Martins Karsums in Demolitions zone.
14:20 of 2nd period - Wrist shot by Connor Brown.
14:20 of 2nd period - Stopped by Olivier Roy with a rebound.
14:34 of 2nd period - Wrist shot by Teuvo Teravainen.
14:34 of 2nd period - Stopped by Olivier Roy without a rebound.
14:35 of 2nd period - Martins Karsums wins face-off versus Tyler Toffoli in Demolitions zone.
15:00 of 2nd period - Martins Karsums is hit by Rickard Rakell and loses puck.
15:05 of 2nd period - Wrist shot by T.J Brodie.
15:05 of 2nd period - Shot Blocked by Seth Helgeson.
15:07 of 2nd period - Slapshot by Morgan Rielly.
15:07 of 2nd period - Stopped by Olivier Roy with a rebound.
15:09 of 2nd period - Slapshot by T.J Brodie.
15:09 of 2nd period - Stopped by Olivier Roy without a rebound.
15:10 of 2nd period - Tyler Toffoli wins face-off versus Martins Karsums in Demolitions zone.
15:15 of 2nd period - Snap shot by Connor Brown.
15:15 of 2nd period - Stopped by Olivier Roy with a rebound.
15:17 of 2nd period - Snap shot by Teuvo Teravainen.
15:17 of 2nd period - Deflect By Tyler Toffoli.
15:17 of 2nd period - Stopped by Olivier Roy without a rebound.
15:18 of 2nd period - Tyler Toffoli wins face-off versus Martins Karsums in Demolitions zone.
15:25 of 2nd period - Snap shot by Tyler Toffoli.
15:25 of 2nd period - Stopped by Olivier Roy with a rebound.
15:27 of 2nd period - Snap shot by Tyler Toffoli.
15:27 of 2nd period - Shot Misses the Net.
15:31 of 2nd period - Snap shot by Tyler Toffoli.
15:31 of 2nd period - Shot Misses the Net.
15:44 of 2nd period - Off-side.
15:45 of 2nd period - Chris Tierney wins face-off versus Erik Condra in neutral zone.
16:18 of 2nd period - Penalty to Jack Skille is over, Jack Skille is back on ice.
16:20 of 2nd period - Slapshot by Martins Karsums.
16:20 of 2nd period - Stopped by Niklas Backstrom without a rebound.
16:21 of 2nd period - Tyler Toffoli wins face-off versus Vince Rocco in Monarchs zone.
16:32 of 2nd period - Wrist shot by Erik Condra.
16:32 of 2nd period - Deflect By Vince Rocco.
16:32 of 2nd period - Goal by Vince Rocco - Demolitions : 2 - Monarchs : 2.
16:33 of 2nd period - Bobby Butler wins face-off versus Rickard Rakell in neutral zone.
16:37 of 2nd period - Icing by Teuvo Teravainen.
16:38 of 2nd period - Nicolas Blanchard wins face-off versus Rickard Rakell in Monarchs zone.
16:51 of 2nd period - Backhand shot by Martins Karsums.
16:51 of 2nd period - Stopped by Niklas Backstrom with a rebound.
17:33 of 2nd period - Slapshot by Brendon Nash.
17:33 of 2nd period - Shot Blocked by Riley Cote.
17:35 of 2nd period - Slapshot by Seth Helgeson.
17:35 of 2nd period - Stopped by Niklas Backstrom without a rebound.
17:36 of 2nd period - Rickard Rakell wins face-off versus Nicolas Blanchard in Monarchs zone.
17:57 of 2nd period - Minor Penalty to Andrew Campbell for Charging.
17:58 of 2nd period - Martins Karsums wins face-off versus Tyler Toffoli in Demolitions zone.
17:58 of 2nd period - Martins Karsums is hit by Alec Martinez.
19:02 of 2nd period - Martins Karsums is hit by Chris Tierney and loses puck.
19:13 of 2nd period - Slapshot by Mike Sauer.
19:13 of 2nd period - Deflect By Jack Skille.
19:13 of 2nd period - Shot Misses the Net.
19:13 of 2nd period - Puck is out of play.
19:14 of 2nd period - Erik Condra wins face-off versus Tyler Toffoli in Monarchs zone.
19:57 of 2nd period - Penalty to Andrew Campbell is over, Andrew Campbell is back on ice.
Goals for this period are 1 for Demolitions vs 1 for Monarchs .
Shots for this period are 6 for Demolitions vs 12 for Monarchs .
3rd period
0:01 of 3rd period - Rickard Rakell wins face-off versus Nicolas Blanchard in neutral zone.
0:30 of 3rd period - Off-side.
0:31 of 3rd period - Tyler Toffoli wins face-off versus Vince Rocco in neutral zone.
0:34 of 3rd period - Mike Sauer is hit by Tyler Toffoli and loses puck.
0:41 of 3rd period - Wrist shot by Eric Wellwood.
0:41 of 3rd period - Shot Blocked by Frazer Mclaren.
0:43 of 3rd period - Wrist shot by Connor Brown.
0:43 of 3rd period - Stopped by Olivier Roy with a rebound.
0:45 of 3rd period - Snap shot by Connor Brown.
0:45 of 3rd period - Shot Blocked by Erik Condra.
0:47 of 3rd period - Snap shot by Roman Josi.
0:47 of 3rd period - Shot Blocked by Frazer Mclaren.
1:21 of 3rd period - Wrist shot by Teuvo Teravainen.
1:21 of 3rd period - Stopped by Olivier Roy without a rebound.
1:22 of 3rd period - Rickard Rakell wins face-off versus Nicolas Blanchard in Demolitions zone.
1:51 of 3rd period - Snap shot by Eric Wellwood.
1:51 of 3rd period - Shot Misses the Net.
1:55 of 3rd period - Snap shot by Tyler Toffoli.
1:55 of 3rd period - Deflect By Connor Brown.
1:55 of 3rd period - Shot Misses the Net.
1:55 of 3rd period - Puck is out of play.
1:56 of 3rd period - Nicolas Blanchard wins face-off versus Tyler Toffoli in Demolitions zone.
2:01 of 3rd period - Snap shot by Bobby Butler.
2:01 of 3rd period - Stopped by Niklas Backstrom with a rebound.
2:50 of 3rd period - Off-side.
2:51 of 3rd period - Chris Tierney wins face-off versus Nicolas Blanchard in neutral zone.
2:56 of 3rd period - Slapshot by Alec Martinez.
2:56 of 3rd period - Shot Blocked by Seth Helgeson.
3:21 of 3rd period - Slapshot by Jack Skille.
3:21 of 3rd period - Stopped by Niklas Backstrom with a rebound.
3:23 of 3rd period - Snap shot by Billy Sweat.
3:23 of 3rd period - Shot Misses the Net.
3:41 of 3rd period - Snap shot by Erik Condra.
3:41 of 3rd period - Shot Misses the Net.
3:43 of 3rd period - Snap shot by Andrew Campbell.
3:43 of 3rd period - Shot Misses the Net.
3:51 of 3rd period - Snap shot by Erik Condra.
3:51 of 3rd period - Shot Misses the Net.
4:16 of 3rd period - Icing by Teuvo Teravainen.
4:17 of 3rd period - Rickard Rakell wins face-off versus Thomas DiPauli in Monarchs zone.
4:26 of 3rd period - Snap shot by Teuvo Teravainen.
4:26 of 3rd period - Stopped by Olivier Roy with a rebound.
4:28 of 3rd period - Snap shot by Teuvo Teravainen.
4:28 of 3rd period - Stopped by Olivier Roy with a rebound.
4:56 of 3rd period - Wrist shot by Teuvo Teravainen.
4:56 of 3rd period - Goal by Teuvo Teravainen - Demolitions : 2 - Monarchs : 3.
4:57 of 3rd period - Vince Rocco wins face-off versus Tyler Toffoli in neutral zone.
5:08 of 3rd period - Slapshot by Erik Condra.
5:08 of 3rd period - Shot Blocked by Eric Wellwood.
5:10 of 3rd period - Snap shot by Vince Rocco.
5:10 of 3rd period - Stopped by Niklas Backstrom with a rebound.
5:12 of 3rd period - Snap shot by Brendon Nash.
5:12 of 3rd period - Stopped by Niklas Backstrom without a rebound.
5:13 of 3rd period - Nicolas Blanchard wins face-off versus Rickard Rakell in Monarchs zone.
6:07 of 3rd period - Ryan Olsen is hit by Roman Josi and loses puck.
6:35 of 3rd period - Icing by Martins Karsums.
6:36 of 3rd period - Tyler Toffoli wins face-off versus Thomas DiPauli in Demolitions zone.
6:51 of 3rd period - Snap shot by Ryan Russell.
6:51 of 3rd period - Shot Misses the Net.
6:53 of 3rd period - Snap shot by Andrew Campbell.
6:53 of 3rd period - Stopped by Niklas Backstrom with a rebound.
6:55 of 3rd period - Snap shot by Mike Sauer.
6:55 of 3rd period - Shot Misses the Net.
6:57 of 3rd period - Snap shot by Mike Sauer.
6:57 of 3rd period - Shot Blocked by Matt Tennyson.
7:13 of 3rd period - Snap shot by Ryan Russell.
7:13 of 3rd period - Stopped by Niklas Backstrom without a rebound.
7:14 of 3rd period - Rickard Rakell wins face-off versus Vince Rocco in Monarchs zone.
7:14 of 3rd period - Rickard Rakell is hit by Brendon Nash.
7:39 of 3rd period - Tobias Rieder is hit by Ryan Olsen and loses puck.
7:58 of 3rd period - Wrist shot by Bobby Butler.
7:58 of 3rd period - Shot Misses the Net.
8:10 of 3rd period - Wrist shot by Frazer Mclaren.
8:10 of 3rd period - Stopped by Niklas Backstrom with a rebound.
8:22 of 3rd period - Slapshot by Connor Brown.
8:22 of 3rd period - Deflect By Tyler Toffoli.
8:22 of 3rd period - Shot Misses the Net.
8:22 of 3rd period - Puck is out of play.
8:23 of 3rd period - Tyler Toffoli wins face-off versus Ryan Olsen in Demolitions zone.
8:53 of 3rd period - Mike Sauer is hit by Roman Josi and loses puck.
9:26 of 3rd period - Wrist shot by Tyler Toffoli.
9:26 of 3rd period - Stopped by Olivier Roy without a rebound.
9:27 of 3rd period - Nicolas Blanchard wins face-off versus Rickard Rakell in Demolitions zone.
9:54 of 3rd period - Icing by Alec Martinez.
9:55 of 3rd period - Erik Condra wins face-off versus Chris Tierney in Monarchs zone.
9:58 of 3rd period - Wrist shot by Erik Condra.
9:58 of 3rd period - Shot Blocked by Riley Cote.
10:02 of 3rd period - Snap shot by Erik Condra.
10:02 of 3rd period - Shot Blocked by Riley Cote.
10:04 of 3rd period - Slapshot by Vince Rocco.
10:04 of 3rd period - Stopped by Niklas Backstrom without a rebound.
10:05 of 3rd period - Rickard Rakell wins face-off versus Martins Karsums in Monarchs zone.
10:05 of 3rd period - Rickard Rakell is hit by Martins Karsums.
10:50 of 3rd period - Icing by Robert Bortuzzo.
10:51 of 3rd period - Chris Tierney wins face-off versus Ryan Olsen in Demolitions zone.
11:00 of 3rd period - Wrist shot by Jack Skille.
11:00 of 3rd period - Stopped by Niklas Backstrom with a rebound.
11:02 of 3rd period - Wrist shot by Robert Bortuzzo.
11:02 of 3rd period - Deflect By Jack Skille.
11:02 of 3rd period - Stopped by Niklas Backstrom with a rebound.
11:04 of 3rd period - Slapshot by Billy Sweat.
11:04 of 3rd period - Stopped by Niklas Backstrom with a rebound.
11:06 of 3rd period - Slapshot by Taylor Aronson.
11:06 of 3rd period - Shot Misses the Net.
11:12 of 3rd period - Minor Penalty to Jordie Benn for Holding Stick.
11:13 of 3rd period - Riley Cote wins face-off versus Nicolas Blanchard in Monarchs zone.
11:43 of 3rd period - Wrist shot by Erik Condra.
11:43 of 3rd period - Deflect By Frazer Mclaren.
11:43 of 3rd period - Shot Misses the Net.
11:43 of 3rd period - Puck is out of play.
11:44 of 3rd period - Riley Cote wins face-off versus Vince Rocco in Monarchs zone.
13:12 of 3rd period - Penalty to Jordie Benn is over, Jordie Benn is back on ice.
13:19 of 3rd period - Roman Josi is hit by Jack Skille and loses puck.
13:30 of 3rd period - Snap shot by Billy Sweat.
13:30 of 3rd period - Shot Misses the Net.
13:32 of 3rd period - Wrist shot by Ryan Olsen.
13:32 of 3rd period - Stopped by Niklas Backstrom without a rebound.
13:33 of 3rd period - Rickard Rakell wins face-off versus Thomas DiPauli in Monarchs zone.
13:37 of 3rd period - Off-side.
13:38 of 3rd period - Rickard Rakell wins face-off versus Thomas DiPauli in neutral zone.
13:55 of 3rd period - Cam Atkinson is hit by Martins Karsums and loses puck.
14:18 of 3rd period - Wrist shot by Ryan Russell.
14:18 of 3rd period - Shot Blocked by Ludwig Bystrom.
14:26 of 3rd period - Wrist shot by Cam Atkinson.
14:26 of 3rd period - Shot Misses the Net.
14:28 of 3rd period - Wrist shot by Cam Atkinson.
14:28 of 3rd period - Deflect By Teuvo Teravainen.
14:28 of 3rd period - Stopped by Olivier Roy with a rebound.
14:30 of 3rd period - Slapshot by Greg Pateryn.
14:30 of 3rd period - Deflect By Ryan Russell.
14:30 of 3rd period - Stopped by Olivier Roy without a rebound.
14:31 of 3rd period - Vince Rocco wins face-off versus Tyler Toffoli in Demolitions zone.
14:31 of 3rd period - Vince Rocco is hit by Eric Wellwood.
14:36 of 3rd period - Andrew Campbell is hit by Matt Tennyson and loses puck.
14:39 of 3rd period - Minor Penalty to Connor Brown for Tripping.
14:40 of 3rd period - Nicolas Blanchard wins face-off versus Riley Cote in Monarchs zone.
14:43 of 3rd period - Wrist shot by Martins Karsums.
14:43 of 3rd period - Shot Misses the Net.
14:45 of 3rd period - Snap shot by Nicolas Blanchard.
14:45 of 3rd period - Shot Misses the Net.
14:47 of 3rd period - Wrist shot by Nicolas Blanchard.
14:47 of 3rd period - Shot Misses the Net.
14:49 of 3rd period - Wrist shot by Martins Karsums.
14:49 of 3rd period - Shot Misses the Net.
14:51 of 3rd period - Wrist shot by Martins Karsums.
14:51 of 3rd period - Shot Blocked by Jordie Benn.
14:53 of 3rd period - Snap shot by Nicolas Blanchard.
14:53 of 3rd period - Stopped by Niklas Backstrom with a rebound.
15:03 of 3rd period - Matt Tennyson is hit by Erik Condra and loses puck.
16:39 of 3rd period - Penalty to Connor Brown is over, Connor Brown is back on ice.
16:44 of 3rd period - Icing by T.J Brodie.
16:45 of 3rd period - Ryan Olsen wins face-off versus Riley Cote in Monarchs zone.
17:17 of 3rd period - Wrist shot by T.J Brodie.
17:17 of 3rd period - Stopped by Olivier Roy with a rebound.
17:19 of 3rd period - Wrist shot by Teuvo Teravainen.
17:19 of 3rd period - Shot Blocked by Jack Skille.
17:21 of 3rd period - Wrist shot by Riley Cote.
17:21 of 3rd period - Deflect By Teuvo Teravainen.
17:21 of 3rd period - Shot Misses the Net.
17:21 of 3rd period - Puck is out of play.
17:22 of 3rd period - Rickard Rakell wins face-off versus Nicolas Blanchard in Demolitions zone.
18:02 of 3rd period - Wrist shot by Tyler McNeely.
18:02 of 3rd period - Stopped by Olivier Roy with a rebound.
18:50 of 3rd period - Demolitions, Olivier Roy is pulled from the net.
18:50 of 3rd period - Slapshot by Brendon Nash.
18:50 of 3rd period - Deflect By Eric Wellwood.
18:50 of 3rd period - Stopped by Niklas Backstrom without a rebound.
18:51 of 3rd period - Adams Oates call a timeout for Demolitions.
18:51 of 3rd period - Nicolas Blanchard wins face-off versus Chris Tierney in Monarchs zone.
18:52 of 3rd period - Wrist shot by Martins Karsums.
18:52 of 3rd period - Shot Misses the Net.
18:58 of 3rd period - Nicolas Blanchard is hit by Alec Martinez and loses puck.
19:33 of 3rd period - Snap shot by Eric Wellwood.
19:33 of 3rd period - Shot Misses the Net.
19:35 of 3rd period - Snap shot by Eric Wellwood.
19:35 of 3rd period - Shot Misses the Net.
19:37 of 3rd period - Slapshot by Chris Tierney.
19:37 of 3rd period - Shot Hit the Post.
19:39 of 3rd period - Wrist shot by Chris Tierney.
19:39 of 3rd period - Shot Misses the Net.
19:41 of 3rd period - Snap shot by Chris Tierney.
19:41 of 3rd period - Goal by Chris Tierney - Demolitions : 2 - Monarchs : 4.
19:41 of 3rd period - Olivier Roy from Demolitions was sent back in the game.
19:42 of 3rd period - Nicolas Blanchard wins face-off versus Tyler Toffoli in neutral zone.
19:45 of 3rd period - Connor Brown is hit by Nicolas Blanchard and loses puck.
19:52 of 3rd period - Snap shot by Roman Josi.
19:52 of 3rd period - Shot Misses the Net.
Goals for this period are 0 for Demolitions vs 2 for Monarchs .
Shots for this period are 14 for Demolitions vs 11 for Monarchs .
Back to the Top